 Dungeon Crawl Stone Soup version 0.30-a0-860-g512cf1e979 (webtiles) character file.

Game seed: 8106870020288887760

84639 BubbleThief the Severer (level 15, -6/136 (139) HPs)
             Began as a Hill Orc Fighter on Mar 8, 2023.
             Was a Believer of Elyvilon.
             Mangled by a tengu reaver
             ... wielding a +0 war axe
              (12 damage)
             ... on level 13 of the Dungeon.
             The game lasted 00:35:15 (24144 turns).

BubbleThief the Severer (Hill Orc Fighter)         Turns: 24144, Time: 00:35:16

HP:   -6/136 (139)  AC: 21    Str: 39    XL:     15   Next: 81%
MP:   25/25         EV:  8    Int:  8    God:    Elyvilon [**....]
Gold: 1900          SH: 12    Dex: 10    Spells: 14/14 levels left

rFire   . . .      SeeInvis +    i - +3 broad axe (heavy)
rCold   + . .      Faith    .    F - +0 kite shield
rNeg    + . .      Spirit   .    W - +0 storm dragon scales
rPois   .          Reflect  .    P - +2 hat
rElec   +          Rampage  .    B - scarf {repulsion}
rCorr   .                        m - +0 pair of gloves
Will    +....                    T - +0 pair of boots Stlth
                                 (no amulet)
HPRegen 0.42/turn                I - +6 ring of strength
MPRegen 0.19/turn                K - ring of Zobiq {Drain rC+ rN+ Str+6 SInv}

@: lethally poisoned (-6 -> -11), lightly drained, repel missiles
A: no striking features
a: Renounce Religion, Purification, Heal Other


You were on level 13 of the Dungeon.
You worshipped Elyvilon.
Elyvilon was pleased with you.
You visited 2 branches of the dungeon, and saw 18 of its levels.
You also visited: Ossuary, Bailey and Volcano.

You collected 2111 gold pieces.
You spent 211 gold pieces at shops.

Inventory:

Hand Weapons
 i - a +3 heavy broad axe (weapon)
Missiles
 b - 8 curare-tipped darts (quivered)
 M - 2 throwing nets
Armour
 a - a +2 chain mail of fire resistance
 m - a +0 pair of gloves (worn)
 B - a scarf of repulsion (worn)
 F - a +0 kite shield (worn)
 P - a +2 hat (worn)
 T - a +0 pair of boots (worn)
 W - +0 storm dragon scales (worn)
Jewellery
 c - a ring of ice
 f - a ring of ice
 E - a ring of resist corrosion
 G - a ring of willpower
 I - a +6 ring of strength (left hand)
 K - the ring of Zobiq (right hand) {Drain rC+ rN+ Str+6 SInv}
   (You found it in a bailey)

   [ring of strength]

   Str:       It affects your strength (+6).
   rC:        It protects you from cold.
   rN:        It protects you from negative energy.
   SInv:      It lets you see invisible.
   Drain:     It drains your maximum health when unequipped.
 L - a ring of flight
 U - a ring of ice
Wands
 v - a wand of iceblast (27)
 x - a wand of charming (17)
 y - a wand of digging (1)
 z - a wand of flame (18)
 A - a wand of polymorph (2)
 R - a wand of quicksilver (12)
Scrolls
 g - 7 scrolls of identify
 j - 3 scrolls of summoning
 l - a scroll of silence
 n - 2 scrolls of brand weapon
 o - 4 scrolls of enchant armour
 u - 2 scrolls of fear
 C - 3 scrolls of blinking
 J - 10 scrolls of teleportation
 S - 2 scrolls of magic mapping
 V - a scroll of amnesia
Potions
 d - a potion of might
 e - 3 potions of cancellation
 h - a potion of resistance
 k - 6 potions of heal wounds
 p - a potion of invisibility
 q - 2 potions of magic
 r - 7 potions of mutation
 s - 4 potions of lignification
 t - 14 potions of curing
 w - 6 potions of haste
 D - 3 potions of brilliance
 H - 4 potions of flight
 N - 4 potions of ambrosia
 O - a potion of berserk rage
 Q - 5 potions of attraction


   Skills:
 + Level 14.4 Fighting
 + Level 20.0 Axes
 + Level 13.3 Armour
 + Level 13.2 Shields
 + Level 14.6 Invocations


You had 14 spell levels left.
You didn't know any spells.
Your spell library contained the following spells:

 Spells                   Type           Power      Damage    Failure   Level
 Magic Dart               Conj           0%         1d3       91%         1
 Shock                    Conj/Air       0%         1d3       91%         1
 Ensorcelled Hibernation  Hex/Ice        0%         N/A       97%         2
 Lesser Beckoning         Tloc           0%         N/A       97%         2
 Passwall                 Tmut/Erth      0%         N/A       97%         2
 Searing Ray              Conj           0%         2d4       97%         2
 Gell's Gravitas          Tloc           0%         N/A       100%        3
 Spider Form              Tmut/Pois      0%         N/A       100%        3
 Swiftness                Air            0%         N/A       100%        3
 Teleport Other           Tloc           0%         N/A       100%        3
 Airstrike                Air            0%         2d(0-16)  100%        4
 Anguish                  Hex/Necr       0%         N/A       100%        4
 Animate Armour           Summ/Erth      0%         N/A       100%        4
 Fulminant Prism          Conj/Hex       0%         3d5       100%        4
 Petrify                  Tmut/Erth      0%         N/A       100%        4
 Blade Hands              Tmut           0%         N/A       100%        5
 Metabolic Englaciation   Hex/Ice        0%         N/A       100%        5
 Iron Shot                Conj/Erth      0%         9d1       100%        6
 Statue Form              Tmut/Erth      0%         N/A       100%        6


Dungeon Overview and Level Annotations

Branches:
Dungeon (13/15)            Temple (0/1) D:6            Lair (5/5) D:10
 Shoals (0/4) Lair:3        Snake (0/4) Lair:2        Slime (0/5) Lair:4
    Orc (0/2) D:10        Ossuary (visited)          Bailey (visited)
Volcano (visited)
 Vaults: D:13-14

Altars:
Ashenzari
Elyvilon
Nemelex Xobeh
Okawaru
Ru
Uskayaw
Vehumet
Xom
Zin
Jiyva

Shops:
D:6 *   D:9 *

Annotations:
Lair:3 exclusion: oklob plant


Message History

You block the tengu reaver's attack.
The tengu reaver claws you but does no damage.
You hit the tengu reaver but do no damage.
The tengu reaver is severely wounded.
You feel sick.
The tengu reaver points at you and mumbles some strange words.
The bolt of poison hits you!
You are more poisoned.
You barely miss the tengu reaver.
The tengu reaver is severely wounded.
You feel very sick.
The tengu reaver drinks a potion.
The tengu reaver is healed!
The tengu reaver blocks your attack.
The tengu reaver is severely wounded.
You feel very sick.
The tengu reaver hits you with a +0 war axe.
You block the tengu reaver's attack. The tengu reaver claws you.
You miss the tengu reaver.
The tengu reaver is severely wounded.
You feel very sick. The tengu reaver barely misses you.
The tengu reaver pecks you but does no damage.
The tengu reaver claws you but does no damage.
You barely miss the tengu reaver.
The tengu reaver is severely wounded.
You feel very sick.
The tengu reaver hits you with a +0 war axe!!
* * * LOW HITPOINT WARNING * * *
You block the tengu reaver's attack. The tengu reaver claws you.
* * * LOW HITPOINT WARNING * * *
The tengu reaver hits you with a +0 war axe!
* * * LOW HITPOINT WARNING * * *
You block the tengu reaver's attack.
The tengu reaver claws you but does no damage.
You closely miss the tengu reaver.
The tengu reaver is severely wounded.
* * * LOW HITPOINT WARNING * * *
You feel sick.
The tengu reaver hits you with a +0 war axe!
You die...

# ############# ## .....)......#
##### ######)
.##.#.#####.#####$..# #......
.##.#.........<..)#.##### #.###.#
............[....)......###.###.#
.##.######...##.@#.####.........#
...........##....Q........C.###.#
..#.###.....##.#..).........###.#
..#.# #.....##.)....###.#...D...p
..#.# #.....##.#...#.# ########
..#.####...##(##...##.# #
..#..........###....##..
.(#......<...)..)>#.# ..#
..#[###...#####...#.# ...


You could see a tengu reaver.

Vanquished Creatures
  Gastronok (Lair:2)
  2 storm dragons
  3 fire giants (D:13)
  A frost giant (D:13)
  A very ugly thing (D:13)
  A red draconian (Volcano)
  A yaktaur captain (D:13)
  Fannar (D:11)
  The ghost of Firecrotchwizard the Fighter, a journeyman DjFE of Ru (D:10)
  A hydra (D:13)
  The ghost of themarg the Summoner, a journeyman MfSu of Sif Muna (D:11)
  12 two-headed ogres
  4 centaur warriors (D:13)
  A death knight (D:13)
  Erica (D:9)
  4 boulder beetles
  A deep troll earth mage (D:13)
  6 catoblepae
  An ogre mage (Volcano)
  A tengu warrior (D:13)
  18 death yaks
  Nergalle (D:10)
  A skyshark (Lair:5)
  2 lindwurms (Lair:5)
  Lodul (D:10)
  A deep elf zephyrmancer (D:7)
  A deep elf pyromancer (D:13)
  2 ugly things (D:12)
  3 cyclopes
  A salamander (Lair:2)
  5 manticores
  5 black mambas
  A gargoyle (D:13)
  Maurice (D:10)
  Joseph (D:7)
  A torpor snail (Lair:5)
  9 cane toads
  A cane toad (shapeshifter) (D:13)
  2 rime drakes
  2 unseen horrors (D:12)
  4 komodo dragons
  An efreet (D:13)
  Maggie (Lair:2)
  3 freezing wraiths
  5 trolls
  3 meliai
  A polar bear (shapeshifter) (D:13)
  3 polar bears
  24 blink frogs
  3 hornets (D:10)
  2 slime creatures (D:13)
  2 shadows
  A vampire (D:13)
  3 wraiths
  2 wyverns
  3 basilisks
  Grum (D:10)
  50 yaks
  3 vampire mosquitoes (D:10)
  2 acid dragons
  12 water moccasins
  A sky beast (D:6)
  2 black bears
  8 ogres (D:10)
  An ice beast (D:6)
  9 orc warriors
  16 wolves
  8 centaurs
  A kobold brigand (D:9)
  7 bullfrogs
  5 scorpions
  13 wights
  20 killer bees
  6 howler monkeys
  An electric eel (Lair:1)
  3 lava snakes (Lair:2)
  4 centaur zombies (Ossuary)
  3 hounds
  Crazy Yiuf (D:3)
  2 jellies
  A gnoll bouda (D:8)
  3 iguanas (D:6)
  An orc priest (D:7)
  5 orc wizards
  2 sleepcaps
  6 mummies (Ossuary)
  4 adders
  9 gnolls
  A shadow imp (D:7)
  3 white imps
  An ufetubus (D:7)
  A worm (D:3)
  2 dart slugs
  27 orcs
  4 bats
  5 endoplasms
  3 giant cockroaches
  9 goblins
  11 hobgoblins
  3 quokkas
  7 ball pythons
  4 frilled lizards
  A hobgoblin zombie (Ossuary)
  23 kobolds
  3 rats (D:1)
  2 bushes
  A butterfly (Lair:2)
486 creatures vanquished.

Vanquished Creatures (others)
  A hydra (D:13)
  A cyclops (D:13)
  An ogre (shapeshifter) (D:13)
  An orc wizard (D:11)
  54 fungi
  101 plants
159 creatures vanquished.

Grand Total: 645 creatures vanquished

Notes
Turn   | Place    | Note
-------+----------+-------------------------------------------
     0 | D:1      | BubbleThief the Hill Orc Fighter began the quest for the
                  | Orb.
     0 | D:1      | Reached XP level 1. HP: 19/19 MP: 1/1
   113 | D:1      | Reached skill level 3 in Axes
   142 | D:1      | Reached XP level 2. HP: 27/27 MP: 2/2
   596 | D:1      | Reached XP level 3. HP: 33/33 MP: 3/3
  1377 | D:3      | Reached skill level 4 in Axes
  1486 | D:3      | Reached XP level 4. HP: 40/40 MP: 4/4
  1571 | D:3      | Found a runed translucent door.
  1572 | D:3      | Noticed Crazy Yiuf
  1821 | D:4      | Noticed a scorpion
  1822 | D:4      | Found a sparkling altar of Nemelex Xobeh.
  1829 | D:4      | Killed a scorpion
  1830 | D:4      | Reached XP level 5. HP: 27/47 MP: 5/5
  1930 | D:4      | Found a broken altar of Ashenzari.
  2042 | D:4      | Reached skill level 5 in Axes
  2117 | D:4      | Reached XP level 6. HP: 25/53 MP: 6/6
  2548 | D:4      | Found a sacrificial altar of Ru.
  2830 | D:5      | Entered Level 5 of the Dungeon
  2893 | D:5      | Found a white marble altar of Elyvilon.
  2906 | D:5      | Became a worshipper of Elyvilon the Healer
  2993 | D:5      | Reached skill level 5 in Fighting
  3015 | D:5      | Reached skill level 6 in Axes
  3015 | D:5      | Reached skill level 1 in Invocations
  3299 | D:5      | Reached XP level 7. HP: 39/61 MP: 6/8
  3921 | D:6      | Found a staircase to the Ecumenical Temple.
  3927 | D:6      | Reached skill level 7 in Axes
  3927 | D:6      | Reached skill level 5 in Armour
  3927 | D:6      | Reached skill level 5 in Shields
  4051 | D:6      | Reached * piety under Elyvilon
  4231 | D:6      | Reached XP level 8. HP: 65/70 MP: 10/10
  4504 | D:6      | Found Aghaankad's Assorted Antiques.
  4507 | D:6      | Bought a scroll labelled RYIMAL BENAU for 24 gold pieces
  4507 | D:6      | Bought 2 fuming puce potions for 43 gold pieces
  4507 | D:6      | Bought a golden potion for 21 gold pieces
  4507 | D:6      | Bought a scroll labelled TACOLOHYMY for 24 gold pieces
  4507 | D:6      | Bought a golden potion for 21 gold pieces
  4507 | D:6      | Bought a scroll labelled RYIMAL BENAU for 24 gold pieces
  4507 | D:6      | Bought a golden potion for 21 gold pieces
  4900 | D:3      | Killed Crazy Yiuf
  4901 | D:3      | Reached skill level 8 in Axes
  5042 | D:7      | Noticed Joseph
  5057 | D:7      | HP: 1/70 [Joseph/+0 quarterstaff (13)]
  5064 | D:7      | Killed Joseph
  5068 | D:7      | Identified a scroll of acquirement
  5068 | D:7      | Acquired a +0 heavy broad axe
  5127 | D:7      | Reached ** piety under Elyvilon
  5151 | D:7      | Reached skill level 9 in Axes
  5174 | D:7      | Found a sand-covered staircase.
  5178 | Ossuary  | Entered an ossuary
  5186 | Ossuary  | Reached XP level 9. HP: 28/78 MP: 12/12
  5534 | D:7      | Found a radiant altar of Vehumet.
  5857 | D:7      | Found a hide-covered altar of Uskayaw.
  6011 | D:7      | Noticed a deep elf zephyrmancer
  6015 | D:7      | Killed a deep elf zephyrmancer
  6016 | D:7      | Reached skill level 10 in Axes
  6016 | D:7      | Reached skill level 5 in Invocations
  6237 | D:8      | Found the +6 shillelagh "Devastator" {shatter}
  6279 | D:8      | HP: 2/79 [gnoll/+0 halberd[a gnoll bouda] (7)]
  6530 | D:8      | Found a flagged portal.
  6590 | Bailey   | Entered a bailey
  6590 | Bailey   | Reached *** piety under Elyvilon
  6786 | Bailey   | Reached XP level 10. HP: 68/88 MP: 14/14
  6880 | Bailey   | Reached skill level 11 in Axes
  7016 | Bailey   | Identified the ring of Zobiq {Drain rC+ rN+ Str+6 SInv}
  8097 | D:9      | Noticed a two-headed ogre
  8102 | D:9      | Killed a two-headed ogre
  8337 | D:9      | Noticed a two-headed ogre
  8344 | D:9      | Killed a two-headed ogre
  8345 | D:9      | Reached skill level 12 in Axes
  8508 | D:9      | Found Quodwett's Assorted Antiques.
  8512 | D:9      | Bought a bubbling blue potion for 33 gold pieces
  8547 | D:9      | Identified the +0 robe of Xom's Hope {Rampage +Inv Int+2
                  | SInv}
  8560 | D:9      | Noticed Erica
  8574 | D:9      | Killed Erica
  8801 | D:9      | Found a glowing silver altar of Zin.
  8801 | D:9      | Found a shimmering altar of Xom.
  8801 | D:9      | Noticed an angel
  8807 | D:9      | Reached XP level 11. HP: 90/95 MP: 16/16
  9325 | D:9      | Reached skill level 13 in Axes
  9497 | D:10     | Entered Level 10 of the Dungeon
  9497 | D:10     | Reached **** piety under Elyvilon
  9611 | D:10     | Found a staircase to the Orcish Mines.
  9878 | D:10     | Noticed Lodul
  9878 | D:10     | Noticed Maurice
  9903 | D:10     | Killed Lodul
  9964 | D:10     | Killed Maurice
 10110 | D:10     | Found a runed translucent gate.
 10111 | D:10     | Found a runed translucent gate.
 10117 | D:10     | Found a runed translucent gate.
 10276 | D:10     | Noticed Firecrotchwizard's ghost (journeyman DjFE)
 10384 | D:10     | Noticed Grum
 10390 | D:10     | Killed Grum
 10466 | D:10     | Found a staircase to the Lair.
 10486 | D:10     | Noticed Nergalle
 10491 | D:10     | Noticed a two-headed ogre
 10492 | D:10     | Killed Nergalle
 10493 | D:10     | Reached skill level 14 in Axes
 10496 | D:10     | Killed a two-headed ogre
 10877 | Lair:1   | Entered Level 1 of the Lair of Beasts
 10932 | Lair:1   | Reached skill level 10 in Fighting
 11425 | Lair:1   | Reached ***** piety under Elyvilon
 11844 | Lair:2   | Noticed a death yak
 11844 | Lair:2   | Noticed a death yak
 11844 | Lair:2   | Noticed a death yak
 11854 | Lair:1   | Killed a death yak
 11855 | Lair:1   | Reached XP level 12. HP: 85/106 MP: 19/19
 11961 | Lair:2   | Noticed Maggie
 11971 | Lair:2   | Killed Maggie
 12118 | Lair:2   | Killed a death yak
 12121 | Lair:2   | Killed a death yak
 12122 | Lair:2   | Reached skill level 15 in Axes
 12134 | Lair:2   | Noticed Gastronok
 12293 | Lair:2   | Killed Gastronok
 12304 | Lair:2   | Reached skill level 10 in Invocations
 12451 | Lair:2   | Found a staircase to the Snake Pit.
 13548 | Lair:3   | Reached skill level 10 in Armour
 13680 | Lair:3   | Reached skill level 10 in Shields
 13935 | Lair:3   | Found a staircase to the Shoals.
 13959 | Lair:3   | Reached skill level 16 in Axes
 14017 | Lair:3   | Reached XP level 13. HP: 43/116 MP: 21/21
 15099 | Lair:4   | Found a staircase to the Slime Pits.
 15099 | Lair:4   | Found a viscous altar of Jiyva.
 16165 | Lair:5   | Entered Level 5 of the Lair of Beasts
 16224 | Lair:5   | Reached skill level 17 in Axes
 16467 | Lair:5   | Found a dark tunnel.
 16472 | Volcano  | Entered a volcano
 16611 | Volcano  | Found a radiant altar of Vehumet.
 16615 | Volcano  | Noticed a red draconian
 16623 | Volcano  | Killed a red draconian
 16906 | Lair:5   | Reached XP level 14. HP: 98/127 MP: 23/23
 16911 | Lair:5   | Reached skill level 18 in Axes
 17963 | Lair:5   | HP: 1/127 [skyshark (9)]
 18761 | Lair:5   | Reached skill level 19 in Axes
 19451 | D:10     | Killed Firecrotchwizard's ghost
 19782 | D:11     | Found an iron altar of Okawaru.
 20045 | D:11     | Found a runed translucent gate.
 20046 | D:11     | Found a runed translucent gate.
 20046 | D:11     | Found a runed translucent gate.
 20046 | D:11     | Noticed themarg's ghost (journeyman MfSu)
 20148 | D:11     | Noticed Fannar
 20160 | D:11     | Killed Fannar
 20313 | D:11     | Reached XP level 15. HP: 108/136 MP: 25/25
 20390 | D:11     | Identified the +4 falchion of Winter {flame, *Noise rElec
                  | MP+9 Str+2}
 20605 | D:11     | Killed themarg's ghost
 21824 | D:13     | Identified the +8 great mace "Sotuir" {venom, Int+3}
 22070 | D:13     | Noticed a storm dragon
 22071 | D:13     | Noticed a storm dragon
 22072 | D:13     | Noticed a storm dragon
 22073 | D:13     | Noticed a tengu reaver
 22076 | D:13     | Noticed a storm dragon
 22557 | D:13     | Noticed a fire giant
 22569 | D:13     | Killed a fire giant
 22631 | D:13     | Noticed a frost giant
 22639 | D:13     | Killed a frost giant
 22650 | D:13     | Identified the ring "Doin" {Ice *Corrode rElec rN++ Stlth+}
 22657 | D:13     | Noticed a fire giant
 22861 | D:13     | Killed a fire giant
 23104 | D:13     | Elyvilon protects you from harm!
 23144 | D:13     | HP: 6/179 [storm dragon/bolt of lightning (19)]
 23153 | D:13     | Killed a storm dragon
 23419 | D:13     | Noticed a fire giant
 23429 | D:13     | HP: 5/138 [tengu reaver/bolt of acid (60)]
 23712 | D:13     | Killed a fire giant
 23713 | D:13     | Reached skill level 20 in Axes
 23722 | D:12     | Killed a storm dragon
 24144 | D:13     | HP: 6/136 [poisoned by a tengu reaver (bolt of poison)]
 24144 | D:13     | Mangled by a tengu reaver

Illustrated notes

Levels and vault maps discovered:
D:1:      psy_arrival_whirlpool, layout_loops_ring
D:2:      layout_rooms
D:3:      layout_rooms, uniq_crazy_yiuf_cottage
D:4:      layout_rooms, nicolae_ru_the_path_less_chosen,
          chequers_temple_overflow_statue_of_worship, serial_bayou,
          serial_bayou_lake_a, serial_bayou_crossing, serial_bayou_pond_a,
          serial_bayou_lagoon_b, serial_bayou_shore_a
D:5:      layout_rooms, nicolae_elyvilon_peaceful_grove, serial_corexii_hall,
          corexii_hall_statues_l, corexii_hall_statues_x,
          kb_lookout_dungeons_type, dk_noncrumbling_4
D:6:      layout_basic, minmay_temple_entry_crystal_x, serial_shops,
          kennysheep_mini_moat, kennysheep_decorative_pillar
D:7:      layout_loops_cross, nicolae_uskayaw_suspiria, vehumet_crystals,
          enter_ossuary_5, guppyfry_early_elven_hall, uniq_joseph
D:8:      layout_loops_cross, enter_bailey_8
D:9:      layout_roguey, grunt_temple_overflow_order_and_chaos_1, serial_shops,
          shop, uniq_erica
D:10:     layout_irregular_city, dpeg_oklobed_lair, orc_0_dummy,
          gammafunk_ghost_spectres, uniq_lodul, uniq_grum, uniq_maurice,
          uniq_nergalle
D:11:     layout_basic, ebering_ghost_rock_garden, okawaru_metal_pillars_1_2,
          uniq_fannar
D:12:     layout_irregular_city, kennysheep_generic_room_3
D:13:     nicolae_fronds_of_death, layout_loops_ring
Lair:1:   layout_small_grid, nicolae_quartered_pool_super
Lair:2:   layout_regular_city, nicolae_snake_entry_warm_welcome,
          serial_bayou_shore_b, infiniplex_staircase_pool, lemuel_fruit_fields,
          serial_bayou_shore_b, uniq_maggie, uniq_gastronok
Lair:3:   layout_regular_city, minmay_shoals_entry_centaurs,
          minmay_lair_oklob_bushes, grunt_megastairs_3,
          infiniplex_staircase_pool_2
Lair:4:   layout_roguey, slime_entry_1
Lair:5:   evilmike_catoblepas_cave, layout_loops_ring,
          nicolae_volcano_entry_vermiform, serial_bayou_pond_e, st_stairs_5,
          chequers_serial_rivers_large_a

Skill      XL: |  1  2  3  4  5  6  7  8  9 10 11 12 13 14 15 |
---------------+----------------------------------------------+-----
Axes           | 3 4 5 6 7 9 10 12 14 16 17 19 20 | 20.0
Fighting       | 4 5 6 7 8 10 11 12 13 14 | 14.4
Armour         | 4 5 6 7 8 9 10 11 12 13 | 13.3
Shields        | 4 5 6 7 8 9 10 11 12 13 | 13.2
Invocations    | 1 2 4 6 7 9 10 12 13 14 | 14.6

Action                     |  1- 3 |  4- 6 |  7- 9 | 10-12 | 13-15 || total
---------------------------+-------+-------+-------+-------+-------++-------
  Melee: War axe           |   121 |   154 |   139 |       |       ||   414
         Broad axe         |       |       |   117 |   321 |   508 ||   946
  Throw: Dart              |       |       |       |     2 |       ||     2
 Invoke: Heal Other        |       |       |     1 |     1 |     5 ||     7
         Heal Self         |       |       |       |     7 |    23 ||    30
         Purification      |       |       |       |     1 |     1 ||     2
         Divine Vigour     |       |       |       |       |     2 ||     2
  Evoke: Wand              |       |     3 |       |     1 |     6 ||    10
    Use: Scroll            |       |       |    18 |     8 |    14 ||    40
         Potion            |       |       |     3 |       |       ||     3
   Stab: Petrified         |       |       |       |       |     2 ||     2
         Petrifying        |       |       |       |       |     1 ||     1
 Armour: Scale mail        |    52 |    68 |       |       |       ||   120
         Ring mail         |       |       |   112 |   138 |    44 ||   294
         Chain mail        |       |       |       |       |   189 ||   189
         Storm dragon scal |       |       |       |       |    21 ||    21
  Dodge: Dodged            |    56 |    88 |   140 |   201 |   202 ||   687
         Repelled          |       |     2 |     1 |     5 |     5 ||    13
  Block: Buckler           |    26 |    45 |    58 |   119 |    96 ||   344
         Kite shield       |       |       |       |       |   122 ||   122

Table legend: (Time is in decaauts)
 A = Elapsed time spent in this place.
 B = Non-inter-level travel time spent in this place.
 C = Inter-level travel time spent in this place.
 D = Time resting spent in this place.
 E = Time spent auto-exploring this place.
 F = Levels seen in this place.
 G = Mean time per level.
                   A        B        C        D        E       F      G
               +--------+--------+--------+--------+--------+-----+--------+
         Total |  24628 |  23603 |   1025 |   3745 |  16003 |  21 | 1172.8 |
       Dungeon |  15126 |  14393 |    733 |   2245 |   9744 |  13 | 1163.5 |
          Lair |   8338 |   8047 |    291 |   1224 |   5770 |   5 | 1667.6 |
       Ossuary |    340 |    340 |      0 |    144 |    140 |   1 |  340.0 |
        Bailey |    551 |    551 |      0 |      0 |    349 |   1 |  551.0 |
       Volcano |    271 |    271 |      0 |    132 |      0 |   1 |  271.0 |
               +--------+--------+--------+--------+--------+-----+--------+

Top non-repeatable levels by time:
  Lair:5: 2631 daAuts
    D:12: 1826 daAuts
  Lair:3: 1674 daAuts
  Lair:4: 1662 daAuts
    D:10: 1633 daAuts
    D:13: 1610 daAuts
     D:9: 1441 daAuts
     D:8: 1371 daAuts
     D:4: 1192 daAuts
  Lair:1: 1188 daAuts
  Lair:2: 1182 daAuts
     D:6: 1137 daAuts
    D:11: 1105 daAuts
     D:5: 973 daAuts
     D:7: 921 daAuts
